Map: Chain of Ascension

Players

larsgj

  • Race: Terran Terran
  • Spawn Location: 11:00

elfeimurwald

  • Race: Protoss Protoss
  • Spawn Location: 11:00

VOD

Have the link to the VOD?

Description

Time

  • Played on: Dec. 23, 2022, 8:34 a.m.
  • Length: 26:12
Show
View Real Time Build Order
Export as new Build Order

larsgj Terran 

Build Orders:  

Get SALT Encoding   

  12  0:03  SCV  
  13  0:20  SCV  
  14  0:48  SCV  
  15  0:53  Supply Depot  
  15  0:59  Barracks  
  15  1:05  SCV  
  15  1:09  Refinery  
  16  1:22  SCV  
  17  1:31  Marine  
  17  1:39  SCV  
  19  1:41  Supply Depot  
  19  1:42  Marine  
  20  1:55  Marine  
  20  1:56  Bunker, SCV  
  22  2:13  SCV  
  23  2:23  Engineering Bay  
  23  2:29  Barracks Tech Lab  
  24  2:30  SCV  
  25  2:47  SCV  
  25  2:49  Marine  
  26  2:59  Marine  
  26  3:05  Supply Depot  
  26  3:07  SCV  
  26  3:09  Marine  
  28  3:19  Marine  
  29  3:22  Bunker  
  29  3:29  Marine  
  31  3:58  Neosteel Frame  
  31  4:19  Bunker  
  31  4:34  Marauder  
  33  4:46  Marauder  
  35  4:59  Marauder  
  35  5:02  Missile Turret  
  37  5:12  Marauder  
  39  5:32  Marine, Factory  
  39  5:49  Unknown  
  39  6:26  Marine, Supply Depot x2  
  39  6:29  Supply Depot  
  40  6:30  Orbital Command  
  40  6:36  Marine, Refinery  
  41  6:46  Marine  
  42  6:57  Marine  
  43  7:07  Marine  
  43  7:17  Medic  
  44  7:27  Medic  
  46  7:39  Stabilizer Medpacks  
  48  8:17  Starport  
  48  8:19  Supply Depot  
  48  8:21  Supply Depot  
  48  8:22  Marine  
  49  8:32  Marine  
  49  8:34  Supply Depot  
  50  8:42  Marine  
  51  8:52  Marine  
  52  9:02  Marine  
  52  9:12  Marine  
  53  9:23  Marine  
  54  9:33  Marine  
  55  9:43  Command Center  
  55  9:45  Starport Tech Lab  
  55  9:59  Fusion Core  
  55  11:06  Armory, Marine  
  56  11:17  Marine  
  57  11:27  Medic  
  57  11:37  Medic  
  59  11:47  Marine  
  62  12:25  SCV  
  63  12:42  SCV  
  63  12:53  Marine  
  63  12:54  Refinery  
  63  12:59  SCV  
  65  13:04  Medic  
  67  13:14  Marine  
  67  13:16  SCV  
  69  13:24  Medic  
  71  13:33  SCV  
  71  13:34  Marine  
  73  13:44  Marine  
  74  13:50  SCV  
  74  13:55  Marine  
  76  14:05  Marine, Battlecruiser  
  76  14:07  SCV  
  84  14:15  Marine  
  85  14:24  SCV  
  85  14:25  Marine  
  87  14:35  Medic  
  88  14:41  SCV  
  89  15:38  Orbital Command  
  89  15:45  Marine, Refinery  
  90  15:55  Battlecruiser, Medic  
  98  16:05  Marine  
  98  16:07  Weapon Refit  
  99  16:15  Medic  
  99  16:18  Supply Depot  
  101  16:20  Supply Depot  
  101  16:22  Supply Depot  
  101  16:26  Marine  
  102  16:36  Marine  
  102  16:38  Battlecruiser  
  103  16:46  Medic  
  111  16:56  Marine  
  112  17:06  Medic  
  111  17:20  Battlecruiser  
  117  18:03  Battlecruiser  
  123  18:13  Marine  
  124  18:23  Medic  
  126  18:33  Supply Depot  
  126  18:34  Marine  
  126  18:35  Supply Depot  
  126  18:37  Supply Depot  
  126  18:39  Supply Depot  
  127  18:40  Supply Depot  
  127  18:41  Supply Depot  
  127  18:44  Medic, Supply Depot  
  129  18:54  Marine  
  126  19:45  Battlecruiser  
  132  20:28  Battlecruiser  
  136  20:45  Marine  
  136  20:55  Medic  
  138  21:05  Marine  
  139  21:11  Battlecruiser  
  139  21:16  Medic  
  147  21:26  Marine  
  125  22:57  Marine  
  126  23:07  Marine  
  126  23:12  Battlecruiser  
  126  23:17  Marine  
  133  23:27  Marine  
  134  23:37  Marine  
  136  23:55  Battlecruiser  
  142  24:36  Marine  
  142  24:37  Battlecruiser  
  143  24:46  Medic  
  151  24:56  Marine  
  152  25:07  Medic  
  154  25:17  Marine  
  148  25:20  Battlecruiser  
  155  25:34  Marine  
  156  25:44  Medic  
  158  25:55  Marine  
Show
View Real Time Build Order
Export as new Build Order

elfeimurwald Protoss 

Build Orders:  

Get SALT Encoding   

  12  0:10  Probe (Chrono Boost)  
  13  0:24  Assimilator  
  13  0:27  Assimilator  
  13  0:30  Dark Pylon  
  13  0:45  Gateway  
  13  0:49  Probe (Chrono Boost)  
  14  1:03  Probe (Chrono Boost)  
  15  1:16  Probe (Chrono Boost)  
  16  1:21  Forge  
  16  1:30  Probe (Chrono Boost)  
  17  1:44  Probe (Chrono Boost)  
  18  1:56  Cybernetics Core  
  18  1:58  Probe (Chrono Boost)  
  19  2:12  Probe (Chrono Boost)  
  19  2:14  Photon Cannon  
  20  2:26  Probe (Chrono Boost)  
  21  2:36  Pylon  
  21  2:40  Probe (Chrono Boost)  
  21  2:44  Warp Gate  
  22  2:51  Twilight Council  
  22  3:04  Gateway  
  22  3:24  Gateway  
  22  4:06  Protoss Ground Weapons Level 1  
  22  4:34  Probe (Chrono Boost)  
  23  4:50  Dark Shrine  
  23  4:57  Pylon  
  23  5:15  Photon Cannon  
  23  5:18  Photon Cannon  
  23  5:19  Photon Cannon  
  23  5:26  Photon Cannon  
  23  5:29  Dark Pylon  
  23  5:33  Stalker x3  
  29  5:57  Assimilator  
  29  6:15  Stalker x3  
  29  6:17  Protoss Shields Level 1  
  35  6:23  Shadow Fury  
  35  6:32  Assimilator  
  36  6:42  Probe (Chrono Boost)  
  36  7:18  Nexus  
  24  7:55  Pylon  
  24  8:05  Pylon  
  24  8:12  Shadow Charge  
  24  8:22  Protoss Ground Weapons Level 2  
  24  8:23  Dark Templar Blink  
  24  8:29  Photon Cannon  
  24  8:41  Photon Cannon  
  24  8:53  Photon Cannon  
  25  9:11  Probe (Chrono Boost)  
  25  9:12  Blink  
  25  9:18  Probe (Chrono Boost)  
  26  9:25  Photon Cannon  
  26  9:31  Probe (Chrono Boost)  
  26  9:39  Stalker  
  29  9:40  Pylon  
  29  9:45  Probe (Chrono Boost)  
  29  9:47  Dark Pylon  
  30  9:54  Photon Cannon  
  30  10:04  Photon Cannon  
  30  10:07  Probe (Chrono Boost)  
  31  10:21  Probe (Chrono Boost), Gateway  
  31  10:28  Probe (Chrono Boost)  
  33  10:35  Probe (Chrono Boost)  
  34  10:44  Probe (Chrono Boost)  
  34  10:49  Probe (Chrono Boost)  
  35  10:55  Gateway  
  35  11:01  Gateway  
  35  11:03  Probe (Chrono Boost), Protoss Ground Armor Level 1  
  36  11:15  Forge  
  36  11:17  Probe (Chrono Boost)  
  36  11:18  Dark Templar  
  38  11:21  Dark Templar  
  38  11:27  Dark Templar  
  42  11:50  Pylon  
  40  12:33  Probe (Chrono Boost)  
  40  12:39  Gateway  
  41  12:43  Protoss Shields Level 2  
  41  12:44  Gateway  
  41  12:47  Probe (Chrono Boost)  
  42  12:51  Gateway  
  42  12:58  Gateway  
  42  13:01  Probe (Chrono Boost)  
  42  13:02  Protoss Ground Weapons Level 3  
  42  13:08  Photon Cannon  
  42  13:09  Photon Cannon  
  43  13:14  Photon Cannon  
  43  13:16  Probe (Chrono Boost)  
  44  13:31  Photon Cannon  
  44  13:32  Photon Cannon  
  44  13:33  Probe (Chrono Boost)  
  44  13:37  Gateway  
  44  13:39  Darkcoil  
  45  13:46  Stalker x2  
  45  13:47  Stalker  
  87  14:20  Probe (Chrono Boost)  
  52  14:30  Pylon  
  52  14:31  Stalker x4  
  52  14:32  Stalker x2  
  52  14:36  Probe (Chrono Boost)  
  65  14:58  Dark Pylon  
  65  15:01  Stalker  
  65  15:02  Stalker  
  65  15:03  Stalker  
  65  15:04  Stalker  
  73  15:21  Protoss Ground Armor Level 2  
  73  15:40  Stalker x4  
  73  15:41  Stalker  
  73  15:42  Stalker  
  73  15:44  Stalker  
  87  16:02  Protoss Shields Level 3  
  87  16:05  Gateway  
  87  16:14  Gateway  
  87  16:15  Gateway  
  87  16:34  Stalker  
  87  16:35  Stalker x2  
  87  16:38  Stalker  
  91  17:39  Dark Pylon  
  91  17:42  Stalker x3  
  91  17:43  Stalker x4  
  91  17:44  Stalker x2  
  91  17:45  Stalker x2  
  91  17:46  Stalker  
  115  18:05  Phase Reactor  
  115  18:30  Stalker  
  115  18:39  Pylon  
  115  18:41  Pylon  
  115  18:45  Pylon  
  115  18:46  Pylon  
  109  18:50  Pylon  
  109  18:52  Pylon  
  109  18:55  Pylon  
  109  18:59  Pylon  
  109  19:04  Photon Cannon  
  109  19:33  Stalker  
  109  19:34  Dark Templar  
  109  19:35  Dark Templar x3  
  109  19:36  Dark Templar x4  
  109  19:38  Dark Templar  
  129  20:19  Protoss Ground Armor Level 3  
  129  20:30  Stalker x4  
  129  20:31  Stalker x4  
  129  20:34  Stalker  
  147  20:42  Pylon  
  147  20:49  Dark Pylon  
  145  21:04  Void Stasis  
  145  21:17  Stalker  
  145  21:18  Stalker x2  
  151  21:22  Dark Templar  
  151  22:59  Dark Templar x2  
  155  23:00  Dark Templar  
  155  23:01  Dark Templar x2  
  155  23:02  Dark Templar x2  
  155  23:03  Pylon, Dark Templar x3  
  155  23:04  Argus Crystal, Dark Templar x3  
  177  23:40  Dark Pylon  
  177  24:04  Mind Control  
  177  24:15  Pylon  
  177  24:29  Stalker x3  
  183  24:30  Stalker x4  
  183  24:31  Stalker x4  
  125  25:28  Stalker x2  
  125  25:29  Stalker x3  
  135  25:30  Stalker x3  
  135  25:31  Stalker x2  
Tags
 
Add a new tag
Caveats
  • Supply blocks, unpowered buildings, or Contaminate may cause inaccurate times.
  • Supply counts are checked every 10 seconds.